 Dungeon Crawl Stone Soup version 0.21.1-1-g345015f (webtiles) character file.

37 letownia2 the Conjurer (level 3, -3/19 HPs)
             Began as a Tengu Wizard on Mar 5, 2018.
             Slain by a hound (4 damage)
             ... on level 4 of the Dungeon.
             The game lasted 00:01:46 (397 turns).

letownia2 the Conjurer (Tengu Wizard)                Turns: 397, Time: 00:01:47

Health: -3/19      AC:  2    Str:  7    XL:     3   Next: 41%
Magic:  3/7        EV: 12    Int: 24    God:
Gold:   47         SH:  0    Dex: 12    Spells: 2/8 levels left

rFire    + . .     SeeInvis .   (no weapon)
rCold    . . .     Gourm    .   (no shield)
rNeg     . . .     Faith    .   a - +0 robe
rPois    +         Spirit   .   b - +0 hat
rElec    .         Reflect  .   (no cloak)
rCorr    .         Harm     .   (no gloves)
MR       .....                  (boots unavailable)
Stlth    ++........             (no amulet)
HPRegen  0.06/turn              h - ring of poison resistance
MPRegen  0.10/turn              (no ring)

@: brilliant, very slightly contaminated, invisible
A: beak, talons 3, blurry vision 1, fire resistance 1, low mp 1, wild magic 1
a: no special abilities


You were on level 4 of the Dungeon.
You were not hungry.

You visited 1 branch of the dungeon, and saw 4 of its levels.

You collected 47 gold pieces.

Inventory:

Missiles
 g - 5 curare-tipped needles
Armour
 a - a +0 robe (worn)
 b - a +0 hat (worn)
Jewellery
 h - a ring of poison resistance (left hand)
Scrolls
 e - 2 scrolls of teleportation {unknown}
 f - 3 scrolls of random uselessness {unknown}
 j - 2 scrolls of identify {unknown}
Potions
 k - a potion of mutation
Books
 c - a book of Minor Magic

   Spells                             Type                      Level
   a - Magic Dart                     Conjuration                  1
   b - Blink                          Translocation                2
   c - Call Imp                       Summoning                    2
   d - Slow                           Hexes                        2
   e - Conjure Flame                  Conjuration/Fire             3
   f - Mephitic Cloud                 Conjuration/Poison/Air       3
Comestibles
 d - 2 rations


   Skills:
 - Level 2.1 Dodging
 - Level 2.0 Stealth
 - Level 3.0 Spellcasting
 + Level 4.3 Conjurations
 - Level 1.2 Summonings
   Level 0.7 Translocations


You had 2 spell levels left.
You knew the following spells:

 Your Spells              Type           Power        Failure   Level  Hunger
a - Magic Dart            Conj           ####         1%          1    None
e - Mephitic Cloud        Conj/Pois/Air  ####....     3%          3    ###....
i - Call Imp              Summ           ####....     1%          2    ##.....


Dungeon Overview and Level Annotations

Branches:
Dungeon (4/15)
 Temple: D:4-7

Altars:


Innate Abilities, Weirdness & Mutations

You have a beak for a mouth.
You have claws for feet.
Scrolls take you a little longer to read.
Your flesh is heat resistant. (rF+)
Your magical capacity is low. (-10% MP)
Your spells are a little harder to cast, but a little more powerful.


Message History

The hound is lightly wounded.
The hound closely misses you. The hound barely misses you.
Casting: Magic Dart
Confirm with . or Enter, or press ? or * to list all spells.
Aiming: Magic Dart
Press: ? - help, Shift-Dir - straight line, f/p - hound
Aim: a hound (lightly wounded)
The magic dart hits the hound.
The hound is moderately wounded.
The hound bites you.
* * * LOW HITPOINT WARNING * * *
Casting: Magic Dart
Confirm with . or Enter, or press ? or * to list all spells.
Aiming: Magic Dart
Press: ? - help, Shift-Dir - straight line, f/p - hound
Aim: a hound (moderately wounded)
The magic dart hits the hound.
The hound is moderately wounded.
The hound bites you.
You die...

#......# #......#
###.##.# #.##.#
###########.##.#
#............#.#
#............#.#
#............#.#
#............#@#
#.....<......+.h......
#............#........
..............#.#......
##########.####..(?....
.# ###.##### .# # .#


You could see a hound.

Vanquished Creatures
  3 adders
  An orc (D:3)
  A goblin (D:3)
  A hobgoblin (D:2)
  2 quokkas (D:3)
  A bat (D:2)
  A rat (D:3)
10 creatures vanquished.

Notes
Turn   | Place    | Note
-------+----------+-------------------------------------------
     0 | D:1      | letownia2 the Tengu Wizard began the quest for the Orb.
     0 | D:1      | Reached XP level 1. HP: 10/10 MP: 5/5
   107 | D:2      | Reached skill level 3 in Conjurations
   107 | D:2      | Reached XP level 2. HP: 12/15 MP: 0/7
   182 | D:3      | Learned a level 2 spell: Call Imp
   246 | D:3      | Reached XP level 3. HP: 11/19 MP: 0/8
   251 | D:3      | Learned a level 3 spell: Mephitic Cloud
   287 | D:3      | Reached skill level 4 in Conjurations
   391 | D:4      | Gained mutation: Your magical capacity is low. (-10% MP) [potion of mutation]
   391 | D:4      | Gained mutation: Your spells are a little harder to cast, but a little more powerful. [potion of mutation]
   391 | D:4      | Gained mutation: Scrolls take you a little longer to read. [potion of mutation]
   391 | D:4      | Gained mutation: Your flesh is heat resistant. (rF+) [potion of mutation]
   397 | D:4      | Slain by a hound

Skill      XL: |  1  2  3 |
---------------+----------+-----
Conjurations   | 3 4 |  4.3
Dodging        | |  2.1
Stealth        | |  2.0
Spellcasting   | |  3.0
Summonings     | |  1.2
Translocations | |  0.7

Action                   || total
-------------------------++-------
Melee: Unarmed           ||     6
       Kick              ||     3
       Peck              ||     1
 Cast: Magic Dart        ||    33
  Use: Potion            ||     3
 Stab: Sleeping          ||     1
Armor: Robe              ||     5
Dodge: Dodged            ||    13
